 Dungeon Crawl Stone Soup version 0.30-a0-965-g42e074c17a (webtiles) character file.

Game seed: 6160239035928309486

39659 voltaire321 the Nimble (level 14, -5/111 HPs)
             Began as a Merfolk Ice Elementalist on Mar 31, 2023.
             Was a High Priest of Wu Jian.
             Slain by a death yak (18 damage)
             ... on level 5 of the Lair of Beasts.
             The game lasted 01:01:21 (17041 turns).

voltaire321 the Nimble (Merfolk Ice Elementalist)  Turns: 17041, Time: 01:01:22

Health: -5/111     AC: 28    Str: 13    XL:     14   Next: 7%
Magic:  20/26      EV: 18    Int: 22    God:    Wu Jian [*****.]
Gold:   1502       SH:  8    Dex: 16    Spells: 16/29 levels left

rFire   + + .      SeeInvis .    T - +2 scimitar (heavy)
rCold   + . .      Faith    .    F - +3 buckler {AC+3}
rNeg    + + .      Spirit   .    o - +2 robe {rF+}
rPois   .          Reflect  .    y - +2 helmet
rElec   .          Rampage  .    x - +2 cloak
rCorr   .                        J - +0 pair of gloves
Will    +....                    R - +2 pair of boots
Stlth   ++                       (no amulet)
HPRegen 0.38/turn                e - ring of protection from cold
MPRegen 0.20/turn                L - ring "Qoizih" {rF+ rN++ Str+3 Int+6}

@: ice-armoured, about to teleport, freezing walls, studying Transmutations
A: (nimble swimmer 2), mertail
a: Renounce Religion, Wall Jump, Serpent's Lash, Heavenly Storm


You were on level 5 of the Lair of Beasts.
You worshipped Wu Jian.
Wu Jian was extremely pleased with you.
You visited 2 branches of the dungeon, and saw 15 of its levels.
You also visited: Bailey and Ice Cave.

You collected 1855 gold pieces.
You spent 353 gold pieces at shops.

Inventory:

Hand Weapons
 E - the +4 whip of Autumn {venom, Will+}
   (You found it on level 6 of the Dungeon)

   Will:      It increases your willpower.
 T - a +2 heavy scimitar (weapon)
Missiles
 u - a throwing net
Armour
 o - a +2 robe of fire resistance (worn)
 x - a +2 cloak (worn)
 y - a +2 helmet (worn)
 F - a +3 buckler of protection (worn)
 J - a +0 pair of gloves (worn)
 Q - the +1 robe of Ethics {rPois Str-3 Dex+5 SInv}
   (You took it off a hobgoblin in a bailey)

   Str:       It affects your strength (-3).
   Dex:       It affects your dexterity (+5).
   rPois:     It protects you from poison.
   SInv:      It lets you see invisible.
 R - a +2 pair of boots (worn)
Jewellery
 e - a ring of protection from cold (left hand)
 h - an amulet of faith
 w - a ring of flight
 L - the ring "Qoizih" (right hand) {rF+ rN++ Str+3 Int+6}
   (You found it on level 7 of the Dungeon)

   [ring of intelligence]

   Str:       It affects your strength (+3).
   Int:       It affects your intelligence (+6).
   rF:        It protects you from fire.
   rN:        It greatly protects you from negative energy.
Wands
 j - a wand of flame (37)
 z - a wand of quicksilver (3)
 I - a wand of paralysis (12)
Scrolls
 f - 5 scrolls of teleportation
 g - a scroll of vulnerability
 i - 8 scrolls of amnesia
 k - a scroll of identify
 r - 7 scrolls of poison
 A - 3 scrolls of fog
Potions
 a - 5 potions of flight
 b - 2 potions of magic
 c - 8 potions of curing
 d - 4 potions of lignification
 l - 4 potions of mutation
 n - 2 potions of might
 v - 4 potions of invisibility
 B - a potion of berserk rage
 D - 2 potions of haste
 G - 3 potions of brilliance
 H - 3 potions of ambrosia
 K - 5 potions of resistance


   Skills:
 + Level 10.3 Fighting
 * Level 9.9 Long Blades
 - Level 1.4 Maces & Flails
 + Level 7.3 Armour
 + Level 12.5 Dodging
 - Level 2.1 Stealth
 - Level 5.0 Shields
 - Level 8.0 Spellcasting
 - Level 2.0 Hexes
 + Level 8.9 Summonings
 - Level 10.0 Ice Magic


You had 16 spell levels left.
You knew the following spells:

 Your Spells              Type           Power      Damage    Failure   Level
a - Freeze                Ice            100%       1d10      1%          1
b - Frozen Ramparts       Ice            100%       1d16      1%          3
c - Ozocubu's Armour      Ice            51%        N/A       1%          3
d - Summon Ice Beast      Ice/Summ       50%        N/A       1%          4
e - Ensorcelled Hibernat  Hex/Ice        70%        N/A       1%          2

Your spell library contained the following spells:

 Spells                   Type           Power      Damage    Failure   Level
 Apportation              Tloc           16%        N/A       10%         1
 Spider Form              Tmut/Pois      8%         N/A       28%         3
 Summon Mana Viper        Hex/Summ       32%        N/A       28%         5
 Anguish                  Hex/Necr       6%         N/A       52%         4
 Monstrous Menagerie      Summ           24%        N/A       90%         7
 Alistair's Intoxication  Tmut/Pois      5%         N/A       95%         5


Dungeon Overview and Level Annotations

Branches:
Dungeon (10/15)            Temple (0/1) D:7            Lair (5/5) D:10
 Shoals (0/4) Lair:2        Snake (0/4) Lair:2          Orc (0/2) D:10
 Bailey (visited)           IceCv (visited)
  Slime: Lair:4-5

Altars:
Ashenzari
Dithmenos
Elyvilon
Hepliaklqana
Vehumet
Wu Jian
Zin

Shops:
D:3 ?   D:4 *   D:5 *   D:6 [*   D:8 *

Annotations:
D:10 2 transporters
Lair:4 exclusion: oklob plant


Innate Abilities, Weirdness & Mutations

((You are very nimble when in or above water. (Stealth+, EV+, Speed+++)))
Your lower body shifts to a powerful aquatic tail in water.


Message History

You block the death yak's attack.
The wall freezes the death yak!
You slash the death yak!
The death yak is severely wounded.
The wall freezes the death yak!
You block the death yak's attack.
The wall freezes the death yak but does no damage.
The death yak closely misses you.
The wall freezes the death yak!
The death yak gores you!
* * * LOW HITPOINT WARNING * * *
The death yak bellows!
You slash the death yak!
You kill the death yak!
The Council accepts your kill.
The wall freezes the death yak!
The death yak closely misses you.
The wall freezes the death yak!
The death yak barely misses you.
The wall freezes the death yak.
The wall freezes the black mamba but does no damage.
The black mamba closely misses you.
The wall freezes the death yak but does no damage.
The death yak gores you!!
* * * LOW HITPOINT WARNING * * *
The wall freezes the black mamba.
The black mamba bites you but does no damage.
As you read the scroll of teleportation, it crumbles to dust.
You feel strangely unstable.
The wall freezes the black mamba but does no damage.
The black mamba bites you.
* * * LOW HITPOINT WARNING * * *
You are lethally poisoned!
The black mamba poisons you!
The wall freezes the death yak.
The death yak closely misses you.
The wall freezes the death yak!
The wall freezes the death yak.
You block the death yak's attack.
You feel better.
The wall freezes the black mamba.
The black mamba seems to slow down.
The black mamba bites you but does no damage.
The wall freezes the black mamba!
The black mamba barely misses you.
The wall freezes the death yak.
The death yak misses you.
The wall freezes the death yak.
The wall freezes the death yak but does no damage.
The death yak gores you!!
You die...

.....##.#...##................#
.....####..##.................#
#....###.......................
P..##...........#.......?.....#
...####..P#..........#...##YY##
..#. #........Y##........##...#.
#..............Y#........#......
##........##..YY##......##..Y.#
....... ##..S@#......#....# ..
.#.... ##.Y.##....##Y..# #..# ..
##...#....#...# .....
##..##..##..## ..... ##.! ?Y##
........ ..# #.## ......... .##
## .....P... :# .##......


You could see 5 death yaks and a black mamba (slow).

Vanquished Creatures
  An orc warlord (Bailey)
  3 hydras (Lair:5)
  A catoblepas (Lair:1)
  A boulder beetle (D:7)
  A death yak (Lair:5)
  A skyshark (Lair:4)
  A lindwurm (Lair:5)
  18 elephants
  3 merfolk sirens (Lair:2)
  6 black mambas
  11 cane toads
  A torpor snail (Lair:1)
  4 komodo dragons
  A merfolk (Lair:2)
  3 trolls
  3 polar bears
  A hornet (Lair:5)
  5 dream sheep (Lair:4)
  9 blink frogs
  A raiju (Lair:5)
  12 wyverns
  19 yaks
  A steam dragon (D:8)
  A redback (Lair:5)
  5 vampire mosquitoes
  2 basilisks
  2 wargs (Lair:5)
  11 water moccasins
  An acid dragon (D:10)
  3 nagas (Lair:2)
  9 hell hounds (Lair:5)
  2 ice beasts
  9 orc warriors
  4 sky beasts
  9 black bears
  2 ogres
  23 wolves
  A boggart (D:9)
  2 centaurs
  4 kobold brigands
  10 bullfrogs
  4 gnoll sergeants
  3 scorpions
  3 wights (D:4)
  5 killer bees (D:9)
  2 howler monkeys (D:9)
  A jelly (D:6)
  4 hounds
  4 orc priests
  Crazy Yiuf (D:2)
  Jessica (D:2)
  11 orc wizards
  Terence (D:2)
  3 hell rats (Lair:2)
  11 iguanas
  A polar bear simulacrum (IceCv)
  Robin (D:2)
  17 gnolls
  6 adders
  7 river rats (Lair:2)
  A shadow imp (D:6)
  14 white imps
  3 worms
  40 orcs
  4 bats
  6 endoplasms
  4 giant cockroaches
  24 goblins
  11 hobgoblins
  4 jackals (D:1)
  25 kobolds
  5 quokkas
  5 ball pythons
  4 frilled lizards
  10 rats
453 creatures vanquished.

Vanquished Creatures (collateral kills)
  A kobold demonologist (D:7)
  An ogre (D:7)
  2 white imps (Lair:1)
4 creatures vanquished.

Vanquished Creatures (others)
  48 fungi
  86 plants
134 creatures vanquished.

Grand Total: 591 creatures vanquished

Notes
Turn   | Place    | Note
-------+----------+-------------------------------------------
     0 | D:1      | voltaire321 the Merfolk Ice Elementalist began the quest
                  | for the Orb.
     0 | D:1      | Reached XP level 1. HP: 13/13 MP: 3/3
   148 | D:1      | Reached XP level 2. HP: 16/20 MP: 5/5
   172 | D:1      | Reached skill level 3 in Dodging
   342 | D:1      | Reached skill level 1 in Fighting
   428 | D:1      | Reached XP level 3. HP: 26/26 MP: 4/6
   683 | D:1      | Learned a level 3 spell: Frozen Ramparts
  1219 | D:2      | Noticed Terence
  1296 | D:2      | HP: 1/26 [Terence/+0 mace (6)]
  1297 | D:2      | Killed Terence
  1298 | D:2      | Reached skill level 1 in Armour
  1298 | D:2      | Reached XP level 4. HP: 1/32 MP: 0/7
  1438 | D:2      | Found a faded altar of an unknown god.
  1491 | D:2      | Noticed Jessica
  1645 | D:2      | Killed Jessica
  1853 | D:2      | Noticed Robin
  1855 | D:2      | Reached XP level 5. HP: 38/38 MP: 5/9
  1863 | D:2      | Killed Robin
  2014 | D:2      | Found a runed translucent door.
  2015 | D:2      | Noticed Crazy Yiuf
  2022 | D:2      | Killed Crazy Yiuf
  2023 | D:2      | Reached skill level 5 in Ice Magic
  2033 | D:2      | Identified the +3 hammer "Gonlur" {heavy, rN+ Stlth+}
  2186 | D:3      | Found Tuaschiso's Magic Scroll Boutique.
  2191 | D:3      | Reached skill level 4 in Dodging
  2264 | D:3      | Bought a scroll of identify for 20 gold pieces
  2264 | D:3      | Bought a scroll of blinking for 75 gold pieces
  2970 | D:4      | Reached XP level 6. HP: 17/46 MP: 10/10
  3364 | D:4      | Learned a level 3 spell: Ozocubu's Armour
  3369 | D:4      | Found Sollyigu's Fire Supplies.
  3737 | D:4      | Learned a level 4 spell: Summon Ice Beast
  3785 | D:4      | Reached XP level 7. HP: 26/52 MP: 9/12
  3946 | D:4      | Reached skill level 5 in Dodging
  3954 | D:4      | Reached skill level 1 in Summonings
  4239 | D:5      | Entered Level 5 of the Dungeon
  4610 | D:5      | Found a shadowy altar of Dithmenos.
  4651 | D:5      | Reached XP level 8. HP: 60/60 MP: 9/13
  4983 | D:5      | Found Zin's Purification Station.
  4988 | D:5      | Found a glowing silver altar of Zin.
  5614 | D:6      | Found Deomowk's General Store.
  5715 | D:6      | Found an ornate altar of the Wu Jian Council.
  5732 | D:6      | Became a worshipper of the Wu Jian Council
  5817 | D:6      | Identified the +4 whip of Autumn {venom, Will+}
  5835 | D:6      | Found Paozol's Armour Boutique.
  5842 | D:6      | Bought a +2 buckler of protection for 258 gold pieces
  5963 | D:6      | Reached skill level 6 in Dodging
  5976 | D:6      | Reached skill level 1 in Shields
  6220 | D:6      | Learned a level 2 spell: Ensorcelled Hibernation
  6236 | D:6      | Found a hazy altar of Hepliaklqana.
  6239 | D:6      | Found a broken altar of Ashenzari.
  6243 | D:6      | Found a radiant altar of Vehumet.
  6698 | D:7      | Reached skill level 1 in Hexes
  6852 | D:7      | Noticed a kobold demonologist
  6860 | D:7      | Killed a kobold demonologist
  6861 | D:7      | Reached XP level 9. HP: 67/67 MP: 8/16
  6869 | D:7      | Reached skill level 5 in Fighting
  7131 | D:7      | Found a staircase to the Ecumenical Temple.
  7242 | D:7      | Identified the ring "Qoizih" {rF+ rN++ Str+3 Int+6}
  7345 | D:7      | Noticed a boulder beetle
  7372 | D:7      | Killed a boulder beetle
  7372 | D:7      | Reached * piety under Wu Jian
  7373 | D:7      | Reached skill level 7 in Dodging
  7373 | D:7      | Reached skill level 5 in Spellcasting
  7450 | D:7      | Identified the +4 chain mail of Benevolence {Harm rPois
                  | Int+3}
  7786 | D:8      | Reached XP level 10. HP: 65/76 MP: 14/18
  7954 | D:8      | Found Ziliot's Assorted Antiques.
  8291 | D:9      | Reached skill level 8 in Dodging
  8368 | D:9      | Reached ** piety under Wu Jian
  8624 | D:9      | Reached skill level 5 in Summonings
  9118 | D:10     | Entered Level 10 of the Dungeon
  9159 | D:10     | Found a flagged portal.
  9172 | Bailey   | Entered a bailey
  9177 | Bailey   | Noticed an orc warlord
  9222 | Bailey   | Identified the +1 robe of Ethics {rPois Str-3 Dex+5 SInv}
  9321 | Bailey   | Found a runed translucent gate.
  9323 | Bailey   | Found a runed translucent gate.
  9325 | Bailey   | Found a runed translucent gate.
  9459 | Bailey   | Killed an orc warlord
  9460 | Bailey   | Reached XP level 11. HP: 33/83 MP: 8/20
  9650 | Bailey   | Identified the staff of air "Mozon" {rElec rN+}
  9735 | D:10     | Reached skill level 9 in Dodging
  9736 | D:10     | Acquired 612 gold pieces
  9853 | D:10     | Found a transporter.
  9857 | D:10     | Noticed an orc sorcerer
  9857 | D:10     | Noticed a cyclops
  9858 | D:10     | Noticed a two-headed ogre
  9859 | D:10     | Noticed an ogre mage
  9881 | D:10     | Reached *** piety under Wu Jian
  9923 | D:10     | Reached skill level 5 in Shields
  9938 | D:10     | Reached skill level 5 in Armour
 10008 | D:10     | Found a transporter.
 10012 | D:10     | Identified the ring of Fuylaop {rC+ Int+3}
 10167 | D:10     | Found a staircase to the Orcish Mines.
 10623 | D:10     | Found a staircase to the Lair.
 10705 | Lair:1   | Entered Level 1 of the Lair of Beasts
 10732 | Lair:1   | Noticed a catoblepas
 10757 | Lair:1   | Found a frozen archway.
 10783 | Lair:1   | Reached **** piety under Wu Jian
 10809 | IceCv    | Entered an ice cave
 11328 | Lair:1   | Reached skill level 10 in Dodging
 11548 | Lair:1   | Reached skill level 1 in Maces & Flails
 11561 | Lair:1   | Killed a catoblepas
 11562 | Lair:1   | Reached XP level 12. HP: 75/92 MP: 15/22
 12247 | Lair:2   | Reached skill level 1 in Long Blades
 12470 | Lair:2   | Reached ***** piety under Wu Jian
 13054 | Lair:2   | Found a staircase to the Shoals.
 13637 | Lair:2   | Found a staircase to the Snake Pit.
 14156 | Lair:3   | Reached skill level 5 in Long Blades
 14156 | Lair:3   | Reached skill level 10 in Ice Magic
 14161 | Lair:3   | Reached skill level 11 in Dodging
 14616 | Lair:4   | Reached XP level 13. HP: 77/101 MP: 24/24
 14986 | Lair:4   | Found a white marble altar of Elyvilon.
 15605 | Lair:5   | Entered Level 5 of the Lair of Beasts
 16492 | Lair:5   | Reached skill level 12 in Dodging
 16542 | Lair:5   | Reached skill level 10 in Fighting
 16914 | Lair:5   | Reached XP level 14. HP: 86/110 MP: 20/26
 17041 | Lair:5   | Slain by a death yak

Illustrated notes

Levels and vault maps discovered:
D:1:      tarquinn_simple_flora_water_a, layout_loops_ring,
          minmay_misc_feat_roman, minmay_tetromino_t4
D:2:      layout_loops_ring, shapermc_ecumenical_altar_acropolis, uniq_terence,
          uniq_crazy_yiuf_cottage, uniq_robin, uniq_jessica
D:3:      layout_basic, serial_shops, shop
D:4:      layout_basic, hangedman_decor_peaks_small, nicolae_shop_fire_sale
          [nicolae_sub_dead_trees]
D:5:      layout_basic, nicolae_dithmenos_the_darkroom, zin_purify,
          hangedman_abyss_or_decor_stabs
D:6:      layout_basic, overflow_temple_1_default,
          grunt_temple_overflow_diamond, serial_shops, shop, nicolae_shop_trees
D:7:      layout_basic, minmay_temple_entry_ruins, minmay_manual_moon
D:8:      layout_cave_pools, serial_shops, shop
D:9:      minmay_ornate_pinched, layout_cave_pools
D:10:     gammafunk_beogh_shrine, layout_cross, david_lair_generic,
          kennysheep_orc_monster_closet_entryway, enter_bailey_3
Lair:1:   layout_chaotic_city, portal_ice_cave_entry_imps
Lair:2:   layout_loops_ring, elwin_shoals_entry_stream,
          nicolae_snake_entry_squirm, kennysheep_abandoned_house
Lair:3:   layout_big_grid, serial_bayou_pond_c
Lair:4:   layout_roguey, minmay_slime_entry_oklob_enclosed, basic_altar
Lair:5:   hangedman_lair_tendril_chambers, layout_misc_corridors,
          hangedman_lair_caniforms_friends

Skill      XL: |  1  2  3  4  5  6  7  8  9 10 11 12 13 |
---------------+----------------------------------------+-----
Dodging        | 3 4 5 6 7 8 10 11 12 | 12.5
Fighting       | 1 2 3 4 5 6 8 9 10 | 10.3
Armour         | 1 2 3 4 5 6 7 |  7.3
Ice Magic      | 5 6 7 8 9 10 | 10.0
Spellcasting   | 3 4 5 6 7 8 |  8.0
Summonings     | 1 3 4 5 6 7 8 |  8.9
Shields        | 1 3 4 5 |  5.0
Hexes          | 1 2 |  2.0
Maces & Flails | 1 |  1.4
Long Blades    | 6 9 |  9.9
Stealth        | |  2.1

Action                     |  1- 3 |  4- 6 |  7- 9 | 10-12 | 13-15 || total
---------------------------+-------+-------+-------+-------+-------++-------
  Melee: Short sword       |    36 |     2 |       |       |       ||    38
         Dagger            |       |    54 |       |       |       ||    54
         Mace              |       |    22 |    18 |       |       ||    40
         Hand axe          |       |       |    71 |       |       ||    71
         Whip              |       |       |   124 |   415 |       ||   539
         Punch             |       |       |     1 |       |       ||     1
         Scimitar          |       |       |       |    59 |   139 ||   198
   Cast: Freeze            |    53 |    45 |     3 |     2 |       ||   103
         Frozen Ramparts   |     1 |    13 |    24 |    66 |    27 ||   131
         Ozocubu's Armour  |       |       |     2 |    12 |    11 ||    25
         Summon Ice Beast  |       |       |     1 |     9 |     1 ||    11
Ability: Lunge             |       |       |     6 |    13 |       ||    19
         Whirlwind         |       |       |     1 |     6 |     3 ||    10
  Evoke: Wand              |       |       |       |    11 |     4 ||    15
    Use: Scroll            |       |     4 |    14 |    13 |    17 ||    48
         Potion            |       |       |       |       |     7 ||     7
   Stab: Sleeping          |     3 |     3 |     5 |     4 |       ||    15
         Distracted        |       |       |       |     2 |       ||     2
 Armour: Robe              |     9 |    30 |    78 |   204 |   147 ||   468
  Dodge: Dodged            |    46 |    63 |   109 |   427 |   278 ||   923
  Block: Buckler           |       |       |    15 |   237 |   141 ||   393

Table legend: (Time is in decaauts)
 A = Elapsed time spent in this place.
 B = Non-inter-level travel time spent in this place.
 C = Inter-level travel time spent in this place.
 D = Time resting spent in this place.
 E = Time spent auto-exploring this place.
 F = Levels seen in this place.
 G = Mean time per level.
                   A        B        C        D        E       F      G
               +--------+--------+--------+--------+--------+-----+--------+
         Total |  17224 |  16770 |    454 |   4823 |   7964 |  17 | 1013.2 |
       Dungeon |  10310 |  10068 |    242 |   2100 |   5655 |  10 | 1031.0 |
          Lair |   6399 |   6187 |    212 |   2485 |   2309 |   5 | 1279.8 |
        Bailey |    487 |    487 |      0 |    238 |      0 |   1 |  487.0 |
      Ice Cave |     27 |     27 |      0 |      0 |      0 |   1 |   27.0 |
               +--------+--------+--------+--------+--------+-----+--------+

Top non-repeatable levels by time:
  Lair:2: 1597 daAuts
  Lair:1: 1514 daAuts
  Lair:4: 1488 daAuts
     D:4: 1339 daAuts
     D:5: 1309 daAuts
     D:2: 1237 daAuts
     D:7: 1201 daAuts
  Lair:5: 1145 daAuts
    D:10: 1108 daAuts
     D:1: 874 daAuts
     D:9: 854 daAuts
     D:6: 851 daAuts
     D:3: 826 daAuts
     D:8: 707 daAuts
  Lair:3: 654 daAuts
